 Dungeon Crawl Stone Soup version 0.24.0-1-gfbc8707122 (console) character file.

Game seed: 9418832660328592943, levelgen mode: deterministic

6619 AlterAsc the Bludgeoner (level 10, -1/132 HPs)
             Began as a Minotaur Berserker on Oct 27, 2019.
             Was a High Priest of Trog.
             Slain by a lich (7 damage)
             ... on level 2 of the Abyss.
             The game lasted 00:39:35 (7950 turns).

AlterAsc the Bludgeoner (Minotaur Berserker)        Turns: 7950, Time: 00:39:36

Health: -1/132     AC: 26    Str: 31    XL:     10   Next: 72%
Magic:  9/9        EV: 16    Int:  4    God:    Trog [*****.]
Gold:   342        SH:  0    Dex:  9    Spells: 9/9 levels left

rFire    . . .     SeeInvis .   D - +2 flail (protect)
rCold    . . .     Gourm    .   (no shield)
rNeg     . . .     Faith    .   P - +0 plate armour
rPois    .         Spirit   .   (helmet restricted)
rElec    .         Reflect  .   (no cloak)
rCorr    .         Harm     .   (no gloves)
MR       .....                  t - +0 pair of boots
Stlth    ..........             (no amulet)
HPRegen  0.32/turn              M - +5 ring of protection
MPRegen  0.11/turn              Q - +6 ring of evasion

@: berserking, vulnerable, protection aura, very quick
A: retaliatory headbutt, horns 2
a: Berserk, Trog's Hand, Brothers in Arms, Renounce Religion


You were on level 2 of the Abyss.
You worshipped Trog.
Trog was extremely pleased with you.
You were not hungry.

You visited 3 branches of the dungeon, and saw 10 of its levels.
You visited the Abyss 1 time.
You also visited: Ossuary.

You collected 474 gold pieces.
You spent 132 gold pieces at shops.

Inventory:

Hand Weapons
 a - a +0 morningstar
 b - a +2 antimagic executioner's axe
 e - a +0 broad axe
 D - a +2 flail of protection (weapon)
 O - a +0 hand axe
 U - a +0 quarterstaff
 W - the +7 short sword of Dissatisfaction {holy, rElec rF- SInv}
   (You took it off an orc warrior on level 7 of the Dungeon)

   It has been blessed by the Shining One to cause great damage to the undead
   and demons.
   It makes you vulnerable to fire.
   It insulates you from electricity.
   It lets you see invisible.
 X - a +0 long sword
Missiles
 d - 8 boomerangs of dispersal (quivered)
 J - 2 javelins
Armour
 p - a +0 ring mail
 t - a +0 pair of boots (worn)
 K - the +1 robe of the Mutiny {-Cast rElec MR++ rCorr}
   (You found it on level 5 of the Dungeon)

   It insulates you from electricity.
   It affects your resistance to hostile enchantments.
   It prevents spellcasting.
   It provides partial protection from all sources of acid and corrosion.
 P - a +0 plate armour (worn)
 Z - a +4 ring mail of cold resistance
Jewellery
 h - a +2 ring of intelligence {unknown}
 M - a +5 ring of protection (left hand)
 Q - a +6 ring of evasion (right hand)
 R - a +4 ring of intelligence {unknown}
Wands
 j - a wand of polymorph (6)
 E - a wand of flame (58)
 I - a wand of acid (7)
Scrolls
 f - 3 scrolls of immolation {unknown}
 i - 8 scrolls of identify
 q - 2 scrolls of enchant armour {unknown}
 r - 4 scrolls of teleportation {unknown}
 s - a scroll of noise {unknown}
 u - 10 scrolls of remove curse
 w - a scroll of fear {unknown}
 x - 2 scrolls of random uselessness {unknown}
 y - 3 scrolls of blinking {unknown}
 G - 3 scrolls of fog {unknown}
 V - a scroll of magic mapping {unknown}
Potions
 l - 3 potions of flight {unknown}
 m - a potion of degeneration {unknown}
 n - 2 potions of agility {unknown}
 o - a potion of haste {unknown}
 v - 2 potions of brilliance {unknown}
 z - 2 potions of heal wounds {unknown}
 A - 3 potions of mutation {unknown}
 N - a potion of cancellation {unknown}
 S - a potion of invisibility {unknown}
 T - 2 potions of curing
 Y - a potion of might {unknown}
Comestibles
 c - 16 rations


   Skills:
 - Level 8.0 Fighting
 - Level 1.7(10.4) Axes
 * Level 15.3(15.4) Maces & Flails
 - Level 6.6 Armour
 - Level 6.0 Dodging


You had 9 spell levels left.
You didn't know any spells.
Your spell library was empty.

Dungeon Overview and Level Annotations

Branches:
Dungeon (8/15)             Temple (1/1) D:4            Lair (1/6) D:8
Ossuary (visited)

Altars:
Ashenzari
Cheibriados
Dithmenos
Elyvilon
Hepliaklqana
Kikubaaqudgha
Nemelex Xobeh
Ru
Sif Muna
Trog
Uskayaw
Wu Jian
Yredelemnul
The Shining One

Shops:
D:4 (   D:5 [   D:7 [

Annotations:
Lair:1 Sonja


Innate Abilities, Weirdness & Mutations

You reflexively headbutt those who attack you in melee.
You have a pair of horns on your head.


Message History

You bludgeon the phantasmal warrior!! You headbutt the phantasmal warrior!
You destroy the phantasmal warrior!
You hit the lich.
The lich is lightly damaged.
The phantasmal warrior hits you but does no damage.
You hit the lich but do no damage. Your headbutt misses the lich.
The lich is lightly damaged.
The lich touches you but does no damage.
Press: ? - help, v - describe, . - travel
Here: a lich (lightly damaged)
The floor.
You barely miss the lich. Your headbutt misses the lich.
The lich is lightly damaged.
The phantasmal warrior hits you!!
* * * LOW HITPOINT WARNING * * *
You are too berserk!
Your plate armour prevents you from hitting the lich.
The lich is lightly damaged.
The lich touches you!
You die...

## #.# ..# .
##.# #.. #...
#..####.## #
#.L@.# #.## ##
#.##.##W...#.#
#.##
#...#...#..# #
.
##..#..#...##..
#. ....#.#..#.#
..# .. . ### #
#.#.#.. . . #.
. . ###. .##..
# #. #. #.....
# # #..# .# .
#. # ...# .#.


You could see a lich and a phantasmal warrior.

Vanquished Creatures
  A two-headed ogre (D:7)
  Joseph (D:7)
  A komodo dragon (Lair:1)
  Prince Ribbit (D:7)
  2 hippogriffs
  A wraith (Ossuary)
  Sigmund (D:5)
  A hungry ghost (D:8)
  A chaos spawn (Abyss:2)
  Menkaure (D:7)
  A vampire mosquito (D:7)
  5 orc warriors
  2 phantoms (D:5)
  2 sky beasts (D:5)
  A necrophage (D:6)
  A small abomination (Abyss:2)
  3 ogres
  2 centaurs
  A crocodile (Lair:1)
  An elf zombie (D:7)
  5 bullfrogs
  A troll zombie (D:7)
  2 scorpions
  A water moccasin skeleton (D:5)
  An electric eel (D:8)
  3 howler monkeys (D:7)
  4 wights (D:7)
  A vampire bat (D:5)
  4 crimson imps
  A bullfrog zombie (D:7)
  5 human zombies (D:7)
  2 hounds
  11 orc wizards
  2 bullfrog skeletons (D:5)
  5 jellies
  3 orc priests
  Crazy Yiuf (D:2)
  A gnoll shaman (D:8)
  An iguana (D:7)
  Terence (D:2)
  A human skeleton (D:7)
  3 worker ants
  3 hound skeletons
  4 mummies
  2 worker ant zombies (D:5)
  7 gnolls
  10 adders
  A worm (D:2)
  An adder skeleton (D:6)
  2 dart slugs (D:1)
  3 fire bats (D:5)
  5 leopard geckos
  30 orcs
  2 spectral bats (D:5)
  3 bat skeletons (D:5)
  A bat zombie (D:5)
  6 giant cockroaches
  2 goblins
  7 hobgoblins
  4 kobolds
  6 quokkas
  13 bats
  A bat simulacrum (D:5)
  5 frilled lizards
  8 gnoll skeletons (Ossuary)
  A jackal skeleton (D:5)
  A jackal zombie (D:6)
  8 kobold skeletons (Ossuary)
  A leopard gecko skeleton (D:6)
  10 orc skeletons
  A quokka skeleton (D:7)
  4 rats
241 creatures vanquished.

Vanquished Creatures (others)
  A necrophage (D:7)
  2 plants (D:7)
3 creatures vanquished.

Grand Total: 244 creatures vanquished

Notes
Turn   | Place    | Note
-------+----------+-------------------------------------------
     0 | D:1      | AlterAsc the Minotaur Berserker began the quest for the
                  | Orb.
     0 | D:1      | Reached XP level 1. HP: 19/19 MP: 0/0
    89 | D:1      | Reached XP level 2. HP: 7/27 MP: 1/1
   550 | D:1      | Reached skill level 4 in Maces & Flails
   596 | D:1      | Reached XP level 3. HP: 29/33 MP: 2/2
   802 | D:2      | Found a sparkling altar of Nemelex Xobeh.
   982 | D:2      | Reached ** piety under Trog
  1066 | D:2      | Noticed Terence
  1075 | D:2      | Killed Terence
  1121 | D:2      | Reached XP level 4. HP: 38/41 MP: 3/3
  1349 | D:2      | Found a runed translucent door.
  1350 | D:2      | Noticed Crazy Yiuf
  1355 | D:2      | Killed Crazy Yiuf
  1355 | D:2      | Reached skill level 1 in Axes
  1607 | D:3      | Reached skill level 5 in Fighting
  1607 | D:3      | Reached XP level 5. HP: 48/48 MP: 4/4
  1702 | D:3      | Found a sparkling altar of Nemelex Xobeh.
  1916 | D:3      | Found a snail-covered altar of Cheibriados.
  2062 | D:3      | Found a glowing golden altar of the Shining One.
  2530 | D:4      | Reached skill level 5 in Maces & Flails
  2609 | D:4      | Reached XP level 6. HP: 37/56 MP: 5/5
  2873 | D:4      | Found a staircase to the Ecumenical Temple.
  2906 | Temple   | Entered the Ecumenical Temple
  3151 | D:4      | Found Heummi's Antique Weapon Shop.
  3157 | D:4      | Bought a glowing mace for 132 gold pieces
  3507 | D:5      | Entered Level 5 of the Dungeon
  3507 | D:5      | Noticed a sky beast
  3512 | D:5      | Killed a sky beast
  3518 | D:5      | Reached XP level 7. HP: 63/63 MP: 6/6
  3537 | D:5      | Reached skill level 6 in Maces & Flails
  3715 | D:5      | Reached *** piety under Trog
  3803 | D:5      | Reached skill level 5 in Armour
  3845 | D:5      | Found Poaschofe's Antique Armour Emporium.
  3846 | D:5      | Noticed Sigmund
  3857 | D:5      | Killed Sigmund
  3994 | D:5      | Reached skill level 5 in Dodging
  3994 | D:5      | Reached XP level 8. HP: 72/73 MP: 7/7
  4176 | D:5      | Reached skill level 7 in Maces & Flails
  4195 | D:5      | Received a gift from Trog
  4246 | D:5      | Got a transparent robe
  4337 | D:5      | Found a bloodstained altar of Trog.
  4536 | D:6      | Identified the +1 robe of the Mutiny {-Cast rElec MR++
                  | rCorr} (You found it on level 5 of the Dungeon)
  4691 | D:6      | Reached **** piety under Trog
  4691 | D:6      | Reached skill level 8 in Maces & Flails
  4697 | D:6      | Found a shattered altar of Ashenzari.
  4827 | D:6      | Reached XP level 9. HP: 81/81 MP: 8/8
  4829 | D:6      | Reached skill level 9 in Maces & Flails
  5001 | D:6      | Found a hide-covered altar of Uskayaw.
  5149 | D:6      | Found a sacrificial altar of Ru.
  5150 | D:6      | Found a shattered altar of Ashenzari.
  5150 | D:6      | Found an ornate altar of the Wu Jian Council.
  5153 | D:6      | Found a basalt altar of Yredelemnul.
  5301 | D:7      | Noticed a two-headed ogre
  5304 | D:7      | Reached skill level 10 in Maces & Flails
  5306 | D:7      | Noticed Prince Ribbit
  5311 | D:7      | Killed a two-headed ogre
  5311 | D:7      | Reached skill level 11 in Maces & Flails
  5326 | D:7      | Identified the +7 short sword of Dissatisfaction {holy,
                  | rElec rF- SInv}
  5329 | D:7      | Killed Prince Ribbit
  5335 | D:7      | Reached skill level 12 in Maces & Flails
  5388 | D:7      | Noticed Menkaure
  5630 | D:7      | Killed Menkaure
  5876 | D:7      | Found Cucabull's Armour Shop.
  5973 | D:7      | Noticed Joseph
  5983 | D:7      | Killed Joseph
  5983 | D:7      | Reached skill level 13 in Maces & Flails
  5983 | D:7      | Reached XP level 10. HP: 88/88 MP: 9/9
  6210 | D:7      | Found an ancient bone altar of Kikubaaqudgha.
  6590 | D:8      | Reached skill level 14 in Maces & Flails
  6627 | D:8      | Found a sand-covered staircase.
  6632 | Ossuary  | Entered an ossuary
  6647 | Ossuary  | Reached ***** piety under Trog
  7324 | D:8      | Found a white marble altar of Elyvilon.
  7446 | D:8      | Received a gift from Trog
  7685 | D:8      | Found a staircase to the Lair.
  7693 | Lair:1   | Entered Level 1 of the Lair of Beasts
  7805 | Lair:1   | Noticed Sonja
  7807 | Lair:1   | Found the ring of the Octopus King
  7813 | Lair:1   | Reached skill level 15 in Maces & Flails
  7832 | Lair:1   | Cast into level 2 of the Abyss (Sonja)
  7932 | Abyss:2  | Noticed a lich
  7936 | Abyss:2  | Noticed a phantasmal warrior
  7936 | Abyss:2  | Noticed a phantasmal warrior
  7949 | Abyss:2  | HP: 6/132 [phantasmal warrior[a lich] (21)]
  7950 | Abyss:2  | Slain by a lich

Levels and vault maps discovered:
D:1:      minmay_arrival_stone_box, layout_loops_ring, minmay_crystal_water,
          minmay_hexomino_p4
D:2:      layout_loops_ring, lemuel_doored_altar, first_ration, uniq_terence,
          uniq_crazy_yiuf_cottage
D:3:      layout_basic, tso_oasis_becter, overflow_temple_1_default,
          nemelex_altar_shiori
D:4:      layout_layer_cave, temple_fountains, serial_shops, shop
D:5:      layout_cave_pools, kennysheep_mini, serial_rivers,
          chequers_serial_rivers_small_b, chequers_serial_rivers_small_3,
          chequers_serial_rivers_room_a, chequers_serial_rivers_small_a,
          chequers_serial_rivers_micro_e, serial_shops,
          nicolae_shop_overgrown_old_shop, minmay_misc_feat_cross,
          minmay_misc_feat_five, goddamned_bats, uniq_sigmund
D:6:      layout_loops_ring, minitemple, basic_altar,
          cheibrodos_ashenzari_chains
D:7:      layout_basic, lemuel_mausoleum_altar_kikubaaqudgha, serial_shops,
          shop, minmay_shattered_shrine, uniq_prince_ribbit1, uniq_menkaure,
          uniq_joseph
D:8:      layout_basic, lemuel_round_altar, lair_entry_dummy, enter_ossuary_5,
          grunt_pizzeria
Temple:   pf_slimified_temple
Lair:1:   dpeg_oklob_gauntlet, layout_cave_pods, uniq_sonja, uniq_urug
Abyss:2

Skill      XL: |  1  2  3  4  5  6  7  8  9 10 |
---------------+-------------------------------+-----
Maces & Flails | 4 5 6 8 13 15 | 15.3
Fighting       | 4 5 6 7 8 |  8.0
Armour         | 3 4 5 6 |  6.6
Axes           | 1 |  1.7
Dodging        | 3 4 5 6 |  6.0

Action                   |  1- 3 |  4- 6 |  7- 9 | 10-12 || total
-------------------------+-------+-------+-------+-------++-------
Melee: Mace              |    41 |    93 |    33 |       ||   167
       Headbutt          |    12 |    18 |    47 |    50 ||   127
       Hand axe          |    12 |     6 |       |       ||    18
       Flail             |       |       |    90 |    36 ||   126
       Morningstar       |       |       |   134 |   186 ||   320
Invok: Berserk           |     2 |     4 |     9 |     6 ||    21
       Trog's Hand       |       |     1 |     2 |       ||     3
       Brothers in Arms  |       |       |       |     1 ||     1
  Use: Scroll            |       |       |     2 |       ||     2
       Potion            |       |       |       |     1 ||     1
  Eat: Chunk             |     2 |     8 |    17 |     7 ||    34
       Ration            |       |     1 |       |     2 ||     3
Armor: Animal skin       |     3 |       |       |       ||     3
       Ring mail         |     9 |    39 |    75 |       ||   123
       Plate armour      |       |       |    82 |    78 ||   160
       Scale mail        |       |       |     5 |       ||     5
Dodge: Dodged            |    44 |    59 |   149 |   100 ||   352
